 Dungeon Crawl Stone Soup version 0.27-a0-1228-gfd60fd639a (webtiles) character file.

Game seed: 14089264781071572129

9 dickylongcocking the Sneak (level 2, -15/21 HPs)
             Began as an Octopode Delver on June 7, 2021.
             Demolished by an ogre
             ... wielding a +0 giant club
              (21 damage)
             ... on level 5 of the Dungeon.
             The game lasted 00:00:39 (238 turns).

dickylongcocking the Sneak (Octopode Delver)         Turns: 238, Time: 00:00:40

Health: -15/21     AC:  1    Str: 11    XL:     2   Next: 12%
Magic:  2/2        EV: 13    Int: 12    God:
Gold:   0          SH:  0    Dex: 13    Spells: 1/1 levels left

rFire    . . .     SeeInvis .     - Unarmed
rCold    . . .     Faith    .   (no shield)
rNeg     . . .     Spirit   .   (helmet restricted)
rPois    .         Reflect  .   (no amulet)
rElec    .         Harm     .   (no ring)
rCorr    .         Rampage  .   (no ring)
Will     .....                  (no ring)
Stlth    ++++......             (no ring)
HPRegen  0.07/turn              (no ring)
MPRegen  0.08/turn              (no ring)
                                (no ring)
                                (no ring)

@: hasted, very quick
A: almost no armour, amphibious, 8 rings, camouflage 1, gelatinous body 1,
(nimble swimmer 1), tentacles
a: no special abilities


You were on level 5 of the Dungeon.
You visited 1 branch of the dungeon, and saw 1 of its levels.

Inventory:

Wands
 e - a wand of digging (3)
Scrolls
 a - a scroll of fog
 b - a scroll of magic mapping
 c - a scroll of fear


   Skills:
 * Level 3.2 Fighting
 - Level 2.0 Dodging
 + Level 6.7 Stealth
 * Level 2.3 Unarmed Combat


You had one spell level left.
You didn't know any spells.
Your spell library was empty.

Dungeon Overview and Level Annotations

Branches:
Dungeon (5/15)
 Temple: D:4-7

Altars:

Annotations:
D:5 Blork the orc, Sigmund


Innate Abilities, Weirdness & Mutations

You cannot wear most types of armour.
You are amphibious.
You can wear up to eight rings at the same time.
Your skin changes colour to match your surroundings (Stealth+).
Your rubbery body absorbs attacks. (AC +1, EV +1)
((You are camouflaged near water. (Stealth+)))
You have tentacles for arms and can constrict up to eight enemies at once.


Message History

You feel sick.
* * * LOW HITPOINT WARNING * * *
You feel sick.
* * * LOW HITPOINT WARNING * * *
You feel sick.
You see here a purple potion.
It was a potion of ambrosia.
You are confused.
You feel invigorated.
You feel sick.
You start resting.
You feel sick. x2
You are no longer poisoned.
You start resting.
HP restored.
You bump into the rock wall.
You start waiting.
You feel less invigorated.
You feel less confused.
You start waiting.
An ogre comes into view. It is wielding a +0 giant club.
An ogre is nearby!
Found a stone staircase leading down.
An ogre is nearby!
An ogre is nearby!
The ogre shouts!
Found an escape hatch in the ceiling.
A worm comes into view.
Sigmund the Dreaded comes into view.
He is wielding a +0 scythe.
Okay, then.
An ogre comes into view. It is wielding a +0 giant club.
Blork the orc comes into view.
He is wielding a +0 trident and wearing a +2 robe of cold resistance.
The ogre hits you with a +0 giant club!
Ouch! That really hurt!
* * * LOW HITPOINT WARNING * * *
Unknown command.
Found a moonstone ring.
Found 8 gold pieces.
You feel yourself speed up.
The ogre hits you with a +0 giant club!!
Ouch! That really hurt!
You die...

....#...#.... ..$......
.............. .........
.........<.... .........
..........#+#. .........
........#o#.#.
.......#.#..........#...
.......#............#...
.......##.#####.....#...
.......@O....##.....#...
....#...............#...
. #...............#...
#.................##..
#......#.#w.......#...
=.......#.#........#.##
........##.....#........
...............#..##....
...............#....


You could see an ogre and a worm.

Vanquished Creatures
  An adder (D:5)
1 creature vanquished.

Notes
Turn   | Place    | Note
-------+----------+-------------------------------------------
     0 | D:5      | dickylongcocking the Octopode Delver began the quest for
                  | the Orb.
     0 | D:5      | Reached XP level 1. HP: 16/16 MP: 1/1
    45 | D:5      | Reached XP level 2. HP: 5/21 MP: 2/2
   148 | D:5      | Noticed an ogre
   174 | D:5      | Noticed Sigmund
   222 | D:5      | Noticed an ogre
   228 | D:5      | Noticed Blork the orc
   238 | D:5      | Demolished by an ogre

Illustrated notes

Levels and vault maps discovered:
D:5:      layout_basic, uniq_sigmund, uniq_blork_the_orc

Action                   || total
-------------------------++-------
Melee: Unarmed           ||     5
       Constrict         ||     1
  Use: Potion            ||     2
Dodge: Dodged            ||     2

Table legend: (Time is in decaauts)
 A = Elapsed time spent in this place.
 B = Non-inter-level travel time spent in this place.
 C = Inter-level travel time spent in this place.
 D = Time resting spent in this place.
 E = Time spent auto-exploring this place.
 F = Levels seen in this place.
 G = Mean time per level.
                   A        B        C        D        E       F      G
               +--------+--------+--------+--------+--------+-----+--------+
         Total |    237 |    237 |      0 |     97 |     36 |   1 |  237.0 |
       Dungeon |    237 |    237 |      0 |     97 |     36 |   1 |  237.0 |
               +--------+--------+--------+--------+--------+-----+--------+

Top non-repeatable levels by time:
     D:5: 237 daAuts
